woodfighter, chaotic female orcish Cavewoman ------ |....| |....| |....| |.(..| ----- #..@u.. |...| #------ |...+ ### |...| # |...| # # |...|###########%#### # -|---# #---.--# ##### #-..<.|# |....|# |.....# ------ woodfighter the Cave Teen Experience level: 5 Strength: 18/07 Dexterity: 12 Constitution: 16 Intelligence: 7 Wisdom: 10 Charisma: 7 Health: 0(40) Energy: 10(10) Def: 10 Gold: 933 Moves: 3260 Dungeon seed: Mttx0IO8MdemA1Yp Game ID: woodfighter_1487954276 Your Inventory: Coins $ - 933 gold pieces Weapons a - a +1 club (weapon in hand) b - a blessed +2 sling (alternate weapon; not wielded) x - the +0 Valerian Armor n - an uncursed +0 orcish cloak q - an uncursed +0 helmet y - an uncursed +0 dwarvish cloak (being worn) z - an uncursed +0 dwarvish mithril-coat (being worn) N - an uncursed +0 dwarvish iron helm (being worn) Y - an uncursed +0 pair of iron shoes (being worn) Comestibles d - an uncursed clove of garlic m - an uncursed sprig of wolfsbane o - an uncursed cram ration L - 2 uncursed lembas wafers Scrolls f - 3 uncursed scrolls of identify g - a cursed scroll of enchant weapon A - a blessed scroll of identify C - 2 uncursed scrolls of scare monster D - an uncursed scroll of fire Q - an uncursed scroll of create monster Spellbooks K - an uncursed spellbook of remove curse Potions l - an uncursed potion of sickness p - an uncursed potion of blindness r - an uncursed potion of water w - a cursed potion of healing H - an uncursed potion of confusion M - an uncursed potion of gain energy Rings B - an uncursed ring of sustain ability Wands i - a wand of polymorph (0:6) s - a wand of striking (0:7) O - a wand of locking (0:5) P - a wand of polymorph (0:5) Gems e - 8 uncursed flints (in quiver) Spells and supernatural/magical abilities: Name Level Category Fail Memory W - pray for help -- divine ? -- Your skills at the end: Miscellaneous Skills bare handed combat [Basic] Weapon Skills scimitar [Basic] club [Basic] sling [Basic] Spellcasting Skills Final Attributes: You were piously aligned. You were poison resistant. You were telepathic. You had infravision. You were somewhat stealthy. You are dead. Vanquished creatures: a dog a human zombie a fog cloud 2 elf zombies 2 floating eyes a dwarf 4 iguanas 3 jitterbugs 2 dwarf zombies 3 hobbits an acid blob 2 geckos a hobgoblin 4 giant rats a cave spider a brown mold 2 yellow molds 3 green molds 2 red molds 2 jackals a fox a kobold 4 newts 6 sewer rats 6 grid bugs 4 lichens a kobold zombie 62 creatures vanquished. Voluntary challenges: You did not adorn yourself with jewelry or accessories. You did not cause conflict. You were not invisible. You did not have reflection. You were not displaced. You used a wielded weapon 81 times, starting on turn 2. You did not use tools. You did not use plumbed fixtures. You did not drink any magical draughts. You were illiterate. You never genocided any monsters. You never polymorphed an object. You never changed form. You used no wishes. You never split a pudding. You never wrote Elbereth's name. You never violated your personal moral code. Dungeon overview: The Dungeons of Doom: levels 1 to 7 Level 1 a fountain a long staircase Level 2 an altar to Ishtar stairs to The Gnomish Mines Level 3 some fountains Level 4 Level 5 Level 6 many fountains Level 7 <- You were here The Gnomish Mines: Level 3 stairs to The Dungeons of Doom History has recorded: On T:1 you entered the Dungeons of Doom to retrieve the Amulet of Yendor! On T:422 you reached level 2 of The Dungeons of Doom. On T:543 you reached level 3 of The Dungeons of Doom. On T:548 you advanced to experience level 2. On T:662 you reached level 1 of The Gnomish Mines. On T:1105 you advanced to experience level 3. On T:1397 you reached level 4 of The Dungeons of Doom. On T:1528 you advanced to experience level 4. On T:1851 you reached level 5 of The Dungeons of Doom. On T:2124 you advanced to experience level 5. On T:2808 you reached level 6 of The Dungeons of Doom. On T:2997 you reached level 7 of The Dungeons of Doom. Score breakdown: Gold: 933 ( 93 points) Experience: 5 levels ( 400 points) Exploration: 7 levels ( 180 points) Discoveries: 20 items ( 1000 points) Variety of kills: 27 monsters ( 1350 points) Major goal: (nothing yet) ( 0 points) Survival: died (score multiplied by 3) Total score: 9069 Latest messages: This giant rat corpse tastes terrible! You finish eating the giant rat corpse. The door opens. You stop exploring. You see here a looking glass. You fall into a pit! You land on a set of sharp iron spikes! You are still in a pit. You crawl to the edge of the pit. $ - 23 gold pieces. The horse kicks! The horse bites! You hit the horse! The horse kicks! The horse bites! The horse kicks! The horse bites! You hit the horse! The horse kicks! The horse bites! The horse kicks! The horse misses. The horse falls into a pit! The horse kicks! The horse bites! You die... Final status: Goodbye woodfighter the Cavewoman, killed by a horse... You died in The Dungeons of Doom on dungeon level 7 with 9069 points, and 933 pieces of gold, after 3260 moves. You were level 5 with a maximum of 40 hit points when you died.